 Dungeon Crawl Stone Soup version 0.24.0-123-gd5b16e6ec5 (webtiles) character file.

Game seed: 15486077041232177069, levelgen mode: deterministic

114 mortelune the Firebug (level 4, -1/24 HPs)
             Began as a Gargoyle Fire Elementalist on Jan 4, 2020.
             Shot with an arrow by a centaur (5 damage)
             ... on level 3 of the Dungeon.
             The game lasted 00:05:42 (2369 turns).

mortelune the Firebug (Gargoyle Fire Elementalist)  Turns: 2369, Time: 00:05:43

Health: -1/24      AC:  5    Str: 12    XL:     4   Next: 98%
Magic:  8/8        EV: 12    Int: 16    God:
Gold:   59         SH:  0    Dex: 10    Spells: 2/8 levels left

rFire    . . .     SeeInvis .   b - +0 hand axe
rCold    . . .     Gourm    .   (no shield)
rNeg     + . .     Faith    .   a - +0 robe
rPois    ∞         Spirit   .   (no helmet)
rElec    +         Reflect  .   (no cloak)
rCorr    .         Harm     .   (no gloves)
MR       .....                  (no boots)
Stlth    ++........             (no amulet)
HPRegen  0.08/turn              (no ring)
MPRegen  0.11/turn              (no ring)

@: no status effects
A: negative energy resistance 1, electricity resistance, unbreathing,
petrification resistance, rot immunity, AC +3
a: no special abilities


You were on level 3 of the Dungeon.
You were not hungry.

You visited 1 branch of the dungeon, and saw 5 of its levels.

You collected 59 gold pieces.

Inventory:

Hand Weapons
 b - a +0 hand axe (weapon)
Armour
 a - a +0 robe (worn)
Scrolls
 d - a scroll of remove curse
 e - a scroll of immolation {unknown}
 f - 2 scrolls of identify
 g - 4 scrolls of amnesia
Comestibles
 c - 2 rations


   Skills:
 - Level 1.5 Dodging
 - Level 2.1 Stealth
 + Level 2.6 Spellcasting
 * Level 3.2 Conjurations
 * Level 4.1 Fire Magic


You had 2 spell levels left.
You knew the following spells:

 Your Spells              Type           Power        Failure   Level  Hunger
a - Flame Tongue          Conj/Fire      ##...        4%          1    #......
b - Throw Flame           Conj/Fire      ##....       6%          2    ##.....
c - Conjure Flame         Conj/Fire      ##......     13%         3    ###....

Your spell library contained the following spells:

 Spells                   Type           Power        Failure   Level  Hunger
 Magic Dart               Conj           ##..         5%          1    #......
 Blink                    Tloc           N/A          28%         2    ##.....
 Call Imp                 Summ           #.......     28%         2    ##.....
 Slow                     Hex            #.......     28%         2    ##.....
 Inner Flame              Hex/Fire       #.......     24%         3    ###....
 Mephitic Cloud           Conj/Pois/Air  #.......     36%         3    ###....
 Sticky Flame             Conj/Fire      ##......     38%         4    #####..
 Fireball                 Conj/Fire      ##........   75%         5    ######.


Dungeon Overview and Level Annotations

Branches:
Dungeon (5/15)
 Temple: D:4-7

Altars:
Sif Muna


Innate Abilities, Weirdness & Mutations

You are resistant to torment.
Your stone body is resilient. (AC +3)
You are immune to poison.
You resist negative energy. (rN+)
You are resistant to electric shocks. (rElec)
You can survive without breathing.
You are immune to petrification.
You are immune to rotting.


Message History

The centaur wields a +0 shortbow.
The centaur shoots an arrow.
The arrow barely misses you.
Found a stone staircase leading up.
The centaur shoots an arrow.
The arrow hits you.
Things that are here:
an arrow; a potion of flight The centaur shoots an arrow.
The arrow closely misses you.
The centaur shoots an arrow.
The arrow barely misses you.
You see here 2 arrows.
The centaur shoots an arrow.
The arrow hits you!
Ouch! That really hurt!
* * * LOW HITPOINT WARNING * * *
Things that are here:
a +0 dagger; a kobold corpse The centaur shoots an arrow.
The arrow misses you.
Things that are here:
an arrow; a bat corpse
There is a stone staircase leading down here.
The centaur shoots an arrow.
The arrow hits you.
You die...

##### #.........†...
###...........
#.......##....
.##########..#.....##....
..#.......#.####.##......
............####.# ......
<.
#....[.................
#..
#.....(................
.#.## #.....@.........
..c..##....(..........
......#...............
.....c...)............
......................
.......(#####.........
.......(.# ##........
.......#..# #........
....... ..... .....


You could see a centaur.

Vanquished Creatures
  A scorpion (D:4)
  4 oozes
  A dart slug (D:1)
  A leopard gecko (D:4)
  4 orcs
  4 giant cockroaches
  8 goblins
  2 hobgoblins (D:1)
  5 kobolds
  5 bats
  2 frilled lizards (D:1)
  5 rats (D:1)
42 creatures vanquished.

Notes
Turn   | Place    | Note
-------+----------+-------------------------------------------
     0 | D:1      | mortelune the Gargoyle Fire Elementalist began the quest
                  | for the Orb.
     0 | D:1      | Reached XP level 1. HP: 10/10 MP: 3/3
   279 | D:1      | Reached XP level 2. HP: 15/15 MP: 3/5
   283 | D:1      | Learned a level 2 spell: Throw Flame
   666 | D:1      | Reached XP level 3. HP: 15/19 MP: 1/6
  1377 | D:2      | You fall into a shaft and drop 2 floors!
  1416 | D:4      | Learned a level 3 spell: Conjure Flame
  1565 | D:3      | You fall into a shaft and drop 2 floors!
  1565 | D:5      | Entered Level 5 of the Dungeon
  1565 | D:5      | Found a shimmering blue altar of Sif Muna.
  1644 | D:4      | Reached XP level 4. HP: 5/24 MP: 4/7
  2154 | D:4      | Reached skill level 4 in Fire Magic
  2361 | D:3      | Noticed a centaur
  2369 | D:3      | Shot with an arrow by a centaur

Levels and vault maps discovered:
D:1:      psy_arrival_conway, layout_basic, minmay_hexomino_f4
D:2:      layout_rooms, cheibriados_altar_1, lemuel_doored_altar, serial_glass,
          glass_columns_a, glass_columns_a, uniq_sigmund
D:3:      layout_rooms, kb_xom_exploding_sheep
D:4:      cheibrodos_pilgrimage, layout_basic, minmay_temple_entry_arrows
D:5:      layout_basic, marbit_many_paths, first_ration, basic_altar

Skill      XL: |  1  2  3  4 |
---------------+-------------+-----
Conjurations   | 2 3 |  3.2
Fire Magic     | 4 |  4.1
Dodging        | |  1.5
Stealth        | |  2.1
Spellcasting   | |  2.6

Action                   |  1- 3 |  4- 6 || total
-------------------------+-------+-------++-------
Melee: Hand axe          |    17 |       ||    17
 Cast: Flame Tongue      |    54 |    16 ||    70
       Throw Flame       |     2 |     2 ||     4
  Use: Scroll            |     2 |     5 ||     7
       Potion            |       |     1 ||     1
  Eat: Chunk             |     3 |       ||     3
       Ration            |       |     1 ||     1
Armor: Robe              |    14 |     2 ||    16
Dodge: Dodged            |    26 |    12 ||    38
